 Dungeon Crawl Stone Soup version 0.29.1-12-g30fa7ad0bf (webtiles) character file.

Game seed: 15611258228845872611

7 soggyman666 the Trooper (level 1, 20/20 HPs)
             Began as a Minotaur Fighter on Dec 13, 2022.
             Quit the game on level 1 of the Dungeon.
             The game lasted 00:00:12 (459 turns).

soggyman666 the Trooper (Minotaur Fighter)           Turns: 459, Time: 00:00:13

Health: 20/20      AC:  7    Str: 20    XL:     1   Next: 83%
Magic:  0/0        EV:  9    Int:  5    God:
Gold:   54         SH:  4    Dex:  9    Spells: 0/0 levels left

rFire   . . .      SeeInvis .   a - +0 long sword
rCold   . . .      Faith    .   c - +0 buckler
rNeg    . . .      Spirit   .   b - +0 scale mail
rPois   .          Reflect  .   (helmet restricted)
rElec   .          Harm     .   (no cloak)
rCorr   .          Rampage  .   (no gloves)
Will    .....                   (no boots)
Stlth   ..........              (no amulet)
HPRegen 0.06/turn               (no ring)
MPRegen 0.07/turn               (no ring)

@: no status effects
A: horns 2, retaliatory headbutt
a: no special abilities


You were on level 1 of the Dungeon.
You visited 1 branch of the dungeon, and saw 1 of its levels.

You collected 54 gold pieces.

Inventory:

Hand Weapons
 a - a +0 long sword (weapon)
Armour
 b - a +0 scale mail (worn)
 c - a +0 buckler (worn)
Jewellery
 e - a ring of magical power
Scrolls
 g - 2 scrolls of teleportation {unknown}
 h - a scroll of amnesia {unknown}
 j - a scroll of immolation {unknown}
 k - 2 scrolls of identify {unknown}
Potions
 d - a potion of might
 f - a potion of attraction {unknown}
 i - a potion of flight {unknown}


   Skills:
 + Level 3.8 Fighting
 + Level 2.5 Long Blades
 + Level 3.8 Armour
 + Level 3.8 Shields


You couldn't memorise any spells.
You didn't know any spells.
Your spell library was empty.

Dungeon Overview and Level Annotations

Branches:
Dungeon (1/15)

Altars:


Innate Abilities, Weirdness & Mutations

You have a pair of horns on your head.
You reflexively headbutt those who attack you in melee.


Message History

The jackal is severely wounded.
The jackal barely misses you.
The jackal bites you but does no damage.
A jackal is nearby!
You closely miss the jackal. Your headbutt misses the jackal.
The jackal is severely wounded.
The jackal bites you. x2
A jackal is nearby!
You barely miss the jackal. Your headbutt misses the jackal.
The jackal is heavily wounded.
The jackal barely misses you. You furiously retaliate!
You headbutt the jackal. You block the jackal's attack.
A jackal is nearby!
You closely miss the jackal. Your headbutt misses the jackal.
The jackal is severely wounded.
The jackal bites you but does no damage.
The jackal barely misses you.
A jackal is nearby!
You barely miss the jackal. Your headbutt misses the jackal.
The jackal is severely wounded.
The jackal closely misses you.
A jackal is nearby!
You slash the jackal!
You kill the jackal!
No target in view!
HP restored.
Things that are here:
a jackal corpse; a bat corpse You now have 45 gold pieces (gained 7).
You now have 54 gold pieces (gained 9).
k - 2 scrolls labelled YRADGH GUKHEZ (gained 1) Key pressed, stopping explore.
No target in view!
You open the door.
There is an open door here.
Found a robe.
No target in view!
Found a ring mail.
Unknown command.
Are you sure you want to abandon this character and quit the game? (Confirm with "yes".)

##.....##..).....#
#..........####..#
#........).# #..#
#..........#
#..######
#..........#
#........
#..........#
#........
######.....#
#...).[.: #.....#
#[.......
#.....####@#
#.....'....#
##.....######
###......#
#...###### # #.###
####.##
..#...#######
#.....#.....#


There were no monsters in sight!

Vanquished Creatures
  A giant cockroach (D:1)
  2 jackals (D:1)
  A bat (D:1)
  2 goblins (D:1)
6 creatures vanquished.

Notes
Turn   | Place    | Note
-------+----------+-------------------------------------------
     0 | D:1      | soggyman666 the Minotaur Fighter began the quest for the
                  | Orb.
     0 | D:1      | Reached XP level 1. HP: 19/19 MP: 0/0
   203 | D:1      | Found a faded altar of an unknown god.
   459 | D:1      | Quit the game

Illustrated notes

Levels and vault maps discovered:
D:1:      psy_arrival_fountain, layout_basic, ebering_ecumenical_altar_petrified

Action                   || total
-------------------------++-------
Melee: Long sword        ||    14
       Headbutt          ||     2
Armor: Scale mail        ||     6
Dodge: Dodged            ||    10
Block: Buckler           ||     4
